 Dungeon Crawl Stone Soup version 0.17-a0-2171-ga91b4ec (webtiles) character file.

416 st0uf the Destroyer (level 6, -1/32 HPs)
             Began as a Tengu Conjurer on Oct 25, 2015.
             Was an Initiate of Okawaru.
             Killed from afar by Blork the orc (10 damage)
             ... with a puff of flame
             ... on level 4 of the Dungeon.
             The game lasted 00:29:29 (4926 turns).

st0uf the Destroyer (Tengu Conjurer)                Turns: 4926, Time: 00:29:29

Health: -1/32      AC:  5    Str:  8    XL:     6   Next: 92%
Magic:  2/14       EV: 12    Int: 18    God:    Okawaru [......]
Gold:   138        SH:  0    Dex: 14    Spells: 3 memorised, 8 levels left

rFire  . . .     SeeInvis .     (no weapon)
rCold  . . .     Clarity  .     a - +0 robe
rNeg   . . .     SustAt   .     (no shield)
rPois  .         Gourm    .     e - +1 hat
rElec  .         Spirit   .     u - +1 cloak
rCorr  .         Warding  .     (no gloves)
rMut   .         Stasis   .     (boots unavailable)
MR     .....                    (no amulet)
Stlth  ++........               (no ring)
                                (no ring)

@: not resistant to hostile enchantments, unstealthy
A: beak, talons 3, able to fly 1
a: Fly, Renounce Religion


You were on level 4 of the Dungeon.
You worshipped Okawaru.
Okawaru was noncommittal.
You were hungry.

You visited 2 branches of the dungeon, and saw 5 of its levels.

You collected 138 gold pieces.

Inventory:

Armour
 a - a +0 robe (worn)
 d - a +0 cloak
 e - a +1 hat (worn)
 u - a +1 cloak (worn)
Wands
 q - a wand of fireball (14)
Scrolls
 h - 3 scrolls of recharging
 j - a scroll of immolation {unknown}
 l - a scroll of remove curse {unknown}
 n - a scroll of magic mapping {unknown}
 o - a scroll of teleportation {unknown}
 p - a scroll of enchant armour {unknown}
 s - a scroll of identify {unknown}
Potions
 i - 2 potions of cancellation {unknown}
 m - a potion of ambrosia {unknown}
 t - a potion of brilliance {unknown}
 v - a potion of mutation {unknown}
Books
 b - a book of Conjurations

   Spells                             Type                      Level
   a - Magic Dart                     Conjuration                  1
   b - Searing Ray                    Conjuration                  2
   c - Dazzling Spray                 Conjuration/Hexes            3
   d - Fulminant Prism                Conjuration/Hexes            4
   e - Iskenderun's Mystic Blast      Conjuration                  4
   f - Iskenderun's Battlesphere      Conjuration/Charms           5
Comestibles
 c - 2 bread rations
 k - a beef jerky
 r - 3 meat rations


   Skills:
 - Level 2.1 Dodging
 - Level 2.0 Stealth
 + Level 4.8 Spellcasting
 + Level 8.3 Conjurations


You had 8 spell levels left.
You knew the following spells:

 Your Spells              Type           Power        Failure   Level  Hunger
a - Magic Dart            Conj           ####         1%          1    None
b - Searing Ray           Conj           ####..       1%          2    #......
c - Dazzling Spray        Conj/Hex       ###.....     10%         3    ###....


Dungeon Overview and Level Annotations

Branches:
Dungeon (4/15)             Temple (1/1) D:4

Altars:
Ashenzari
Fedhas
Gozag
Kikubaaqudgha
Nemelex Xobeh
Okawaru
Qazlal
Ru
Sif Muna

Annotations:
D:4 Blork the orc, Duvessa


Innate Abilities, Weirdness & Mutations

You have a beak for a mouth.
You have claws for feet.
You can fly.


Message History

You peck Blork the orc, but do no damage.
Blork the orc is heavily wounded.
Blork the orc closely misses you.
Blork the orc hits you with a long sword of protection!
You hit Blork the orc.
Blork the orc is severely wounded.
Blork the orc closely misses you.
You hit Blork the orc. Your kick misses Blork the orc.
Blork the orc is severely wounded.
Blork the orc casts a spell.
Blork the orc flickers and vanishes!
Deactivating autopickup; reactivate with Ctrl-A.
Something hits you.
You hear some strange, mumbled words.
A puff of flame appears from out of thin air!
The puff of flame hits you!
* * * LOW HITPOINT WARNING * * *
A puff of flame appears from out of thin air!
The puff of flame hits you!
You die...

#...#......#...#...##'##'##
#...#......'...+...#...#.## ##
#...#......#...#...+...'..+ .##
#...#..##.####.#...######## ..#
#...+..##.####.#.....######
.######...#........+.(.....'..'..
.#........#..##...##+#.....#+##..
.#(.......#...#...#........#.##..
.(..............@.'...#'####.##..
.#.........§§§....#...'....#.....
##..........§{..'##...#....'.....
.#..........§.........#....#.##..
.'....................##'###.##'#
'#....................#...##..'..
.#........##'##'##....+...##+##..
.+........'......#....#...#...#..
.#........#..##..#....#...+...#..


There were no monsters in sight!

Vanquished Creatures
  The ghost of beardedkeet the Conjurer, an amateur HuCj of Qazlal (D:4)
  A scorpion (D:3)
  A jelly (D:3)
  Crazy Yiuf (D:3)
  3 adders
  3 oozes
  3 worms
  3 giant geckos
  4 orcs
  10 bats
  4 giant cockroaches
  7 goblins
  6 hobgoblins
  6 jackals
  A quokka (D:3)
  A ball python (D:2)
  5 giant newts
  6 kobolds
  6 rats
72 creatures vanquished.

Notes
Turn   | Place    | Note
--------------------------------------------------------------
     0 | D:1      | st0uf the Tengu Conjurer began the quest for the Orb.
     0 | D:1      | Reached XP level 1. HP: 10/10 MP: 4/4
   178 | D:1      | Reached XP level 2. HP: 15/15 MP: 0/6
   896 | D:2      | Learned a level 2 spell: Searing Ray
   903 | D:2      | Reached XP level 3. HP: 19/19 MP: 4/8
   920 | D:2      | Found a sacrificial altar of Ru.
  1092 | D:2      | Reached skill level 6 in Conjurations
  1475 | D:2      | Found an opulent altar of Gozag.
  2122 | D:3      | Reached XP level 4. HP: 24/24 MP: 4/9
  2578 | D:3      | Learned a level 3 spell: Dazzling Spray
  2579 | D:3      | Noticed Crazy Yiuf
  2774 | D:3      | Killed Crazy Yiuf
  3136 | D:3      | Reached skill level 7 in Conjurations
  3136 | D:3      | Gained mutation: You can fly. [Tengu growth]
  3136 | D:3      | Reached XP level 5. HP: 7/28 MP: 1/11
  3685 | D:4      | Found a staircase to the Ecumenical Temple.
  3696 | Temple   | Entered the Ecumenical Temple
  3928 | Temple   | Became a worshipper of Warmaster Okawaru
  3982 | D:4      | Reached XP level 6. HP: 32/32 MP: 11/13
  4091 | D:4      | Noticed Duvessa
  4384 | D:4      | Noticed beardedkeet's ghost (amateur HuCj)
  4504 | D:4      | Killed beardedkeet's ghost
  4504 | D:4      | Reached skill level 8 in Conjurations
  4886 | D:4      | Noticed Blork the orc
  4926 | D:4      | Killed from afar by Blork the orc

Vault maps used:
D:1:      dpeg_arrival_signposts
D:2:      nicolae_gozag_seed_capital, nicolae_ru_the_path_less_chosen,
          first_bread
D:3:      uniq_crazy_yiuf_cottage
D:4:      good_gods_temple_1, xom_confusion_cloud,
          minmay_temple_entry_purple_smoke,
          hangedman_abyss_or_decor_lesser_grid, uniq_duvessa, uniq_edmund,
          uniq_blork_the_orc
Temple:   temple_island_7

Action                   |  1- 3 |  4- 6 || total
-------------------------+-------+-------++-------
Melee: Unarmed           |     6 |    15 ||    21
 Cast: Magic Dart        |    57 |    47 ||   104
       Searing Ray       |     4 |    11 ||    15
       Dazzling Spray    |       |    13 ||    13
 Abil: Fly               |       |     2 ||     2
  Use: Potion            |       |     4 ||     4
       Scroll            |       |     1 ||     1
 Stab: Sleeping          |     1 |       ||     1
  Eat: Chunk             |     4 |     7 ||    11
       Pizza             |       |     2 ||     2
